 Dungeon Crawl Stone Soup version 0.31-a0-174-g85c54bcb58 (webtiles) character file.

Game seed: 3074185433758213689

92 innerfire43 the Ducker (level 4, 0/35 HPs)
             Began as a Demonspawn Monk on June 15, 2023.
             Succumbed to an adder's poison
             ... on level 2 of the Dungeon.
             The game lasted 00:03:25 (1328 turns).

innerfire43 the Ducker (Demonspawn Monk)            Turns: 1328, Time: 00:03:26

Health: 0/35       AC:  5    Str: 13    XL:     4   Next: 35%
Magic:  4/4        EV: 11    Int: 11    God:
Gold:   149        SH:  3    Dex: 16    Spells: 3/3 levels left

rFire   + . .        f - +1 dagger (venom)
rCold   + . .        k - +0 buckler
rNeg    . . .        o - +0 ring mail
rPois   +            (no helmet)
rElec   +            (no cloak)
rCorr   +            (no gloves)
SInv    .            (no boots)
Will    .....        (no amulet)
Stlth   +            (no ring)
HPRegen 0.25/turn    (no ring)
MPRegen 0.09/turn

%: no passive effects
@: lethally poisoned (0 -> -4), resistant
A: weakness stinger 2
a: no special abilities


You were on level 2 of the Dungeon.
You visited 1 branch of the dungeon, and saw 3 of its levels.

You collected 149 gold pieces.

Inventory:

Hand Weapons
 a - a +0 spear
 f - a +1 dagger of venom (weapon)
Missiles
 n - 2 boomerangs
Armour
 b - a +0 robe
 d - an orb of light
 k - a +0 buckler (worn)
 o - a +0 ring mail (worn)
Wands
 e - a wand of charming (5)
 l - a wand of acid (2)
Scrolls
 c - a scroll of amnesia {unknown}
 g - a scroll of blinking {unknown}
 h - a scroll of enchant armour {unknown}
 i - a scroll of fear {unknown}
 m - a scroll of fog {unknown}


   Skills:
 - Level 3.2 Fighting
 * Level 1.9 Short Blades
 - Level 3.0 Polearms
 + Level 3.7 Dodging
 + Level 0.3 Stealth


You had 3 spell levels left.
You didn't know any spells.
Your spell library contained the following spells:

 Spells                   Type           Power      Damage    Failure   Level
 Sandblast                Erth           0%         2d4       73%         1
 Passwall                 Tmut/Erth      0%         N/A       86%         2
 Stone Arrow              Conj/Erth      0%         3d7       97%         3
 Manifold Assault         Tloc           0%         N/A       100%        4
 Dispersal                Tloc           0%         N/A       100%        6
 Disjunction              Tloc           0%         N/A       100%        8


Dungeon Overview and Level Annotations

Branches:
Dungeon (3/15)

Altars:

Shops:
D:2 *


Innate Abilities, Weirdness & Mutations

You have a tail ending in a sharp stinger.


Message History

The adder attacks as you move away! The adder bites you.
The orc hits you but does no damage. The adder closely misses you.
The adder attacks as you move away! You block the adder's attack.
The adder barely misses you. The adder attacks as you move away!
The adder bites you. The adder attacks as you move away!
The adder bites you but does no damage.
You closely miss the adder. The adder misses you. You block the adder's attack.
You hit the adder but do no damage.
The adder is poisoned.
The adder bites you.
You are poisoned.
The adder poisons you!
You closely miss the adder.
Your tail-slap misses the adder.
The adder is moderately wounded.
You feel sick. The adder bites you but does no damage.
You hit the adder.
Your tail-slap misses the adder.
The adder is severely wounded.
You feel sick. The adder bites you.
You are more poisoned.
The adder poisons you! You block the adder's attack.
You hit the adder but do no damage.
The adder looks as sick as possible!
The adder is severely wounded.
You feel sick. The adder bites you.
You are lethally poisoned!
The adder poisons you!
You hit the adder.
You kill the adder!
* * * LOW HITPOINT WARNING * * *
You feel very sick.
* * * LOW HITPOINT WARNING * * *
You feel sick.
There is a stone staircase leading up here.
* * * LOW HITPOINT WARNING * * *
You feel sick.
You climb upwards.
Reactivating autopickup.
* * * LOW HITPOINT WARNING * * *
You feel very sick.
There is a stone staircase leading down here.
It was a potion of resistance.
You feel protected.
You die...

#### #..# ######### #..#######
#.......# #........# #.......#
#........# #.......####........#
#####....o..............#
#........@...........(..##
#.###..................... #.#
###.######..........#. #.# #.#
#..##....##### #.### #.#
#.###.#..####.
#######...###.#####.#...#.......
#.............................##
#..........##.#####..##.###...##
#.............#####.#...###.....


You could see an orc.

Vanquished Creatures
  Ijyb (D:3)
  3 adders
  A dart slug (D:1)
  2 ball pythons
  2 endoplasms
  4 giant cockroaches
  3 goblins
  3 hobgoblins
  6 jackals
  2 quokkas (D:2)
  A bat (D:1)
  A frilled lizard (D:1)
  2 kobolds (D:1)
  3 rats
34 creatures vanquished.

Notes
Turn   | Place    | Note
-------+----------+-------------------------------------------
     0 | D:1      | innerfire43 the Demonspawn Monk began the quest for the
                  | Orb.
     0 | D:1      | Reached XP level 1. HP: 18/18 MP: 1/1
    68 | D:1      | Gained mutation: You have a small tail. [demonic ancestry]
    68 | D:1      | Reached XP level 2. HP: 24/24 MP: 2/2
   627 | D:2      | Reached skill level 1 in Short Blades
   676 | D:2      | Reached XP level 3. HP: 24/29 MP: 3/3
   970 | D:2      | Found Xeus's Assorted Antiques.
  1173 | D:3      | Noticed Ijyb
  1190 | D:3      | Killed Ijyb
  1191 | D:3      | Gained mutation: You have a tail ending in a sharp stinger.
                  | [demonic ancestry]
  1191 | D:3      | Reached XP level 4. HP: 10/35 MP: 4/4
  1327 | D:2      | HP: 1/35 [poisoned by an adder]
  1328 | D:2      | Succumbed to an adder's poison

Illustrated notes

Levels and vault maps discovered:
D:1:      heliophobic_arrival_glass_houses, layout_rooms
D:2:      layout_rooms, serial_shops, shop
D:3:      layout_basic, uniq_ijyb

Skill      XL: |  1  2 |
---------------+-------+-----
Polearms       | 3 |  3.0
Dodging        | 3 |  3.7
Short Blades   | 1 |  1.9
Fighting       | |  3.2
Stealth        | |  0.3

Action                     |  1- 3 |  4- 6 || total
---------------------------+-------+-------++-------
  Melee: Spear             |    27 |       ||    27
         Dagger            |    68 |     8 ||    76
         Tailslap          |    11 |       ||    11
    Use: Scroll            |     4 |       ||     4
         Potion            |     2 |     1 ||     3
 Armour: Robe              |     9 |       ||     9
         Ring mail         |       |     4 ||     4
  Dodge: Dodged            |    54 |     6 ||    60
  Block: Buckler           |     9 |     5 ||    14

Table legend: (Time is in decaauts)
 A = Elapsed time spent in this place.
 B = Non-inter-level travel time spent in this place.
 C = Inter-level travel time spent in this place.
 D = Time resting spent in this place.
 E = Time spent auto-exploring this place.
 F = Levels seen in this place.
 G = Mean time per level.
                   A        B        C        D        E       F      G
               +--------+--------+--------+--------+--------+-----+--------+
         Total |   1326 |   1296 |     30 |      0 |   1002 |   3 |  442.0 |
       Dungeon |   1326 |   1296 |     30 |      0 |   1002 |   3 |  442.0 |
               +--------+--------+--------+--------+--------+-----+--------+

Top non-repeatable levels by time:
     D:2: 624 daAuts
     D:1: 534 daAuts
     D:3: 167 daAuts
